 Dungeon Crawl Stone Soup version 0.28-a0-1038-g9c4cb8273d (webtiles) character file.

Game seed: 6371217197620773714

148 ytrimaz the Insei (level 5, 0/34 HPs)
             Began as an Octopode Transmuter on Dec 8, 2021.
             Constricted to death by a ball python (1 damage)
             ... on level 4 of the Dungeon.
             The game lasted 00:04:37 (4349 turns).

ytrimaz the Insei (Octopode Transmuter)             Turns: 4349, Time: 00:04:37

Health: 0/34       AC:  1    Str:  9    XL:     5   Next: 30%
Magic:  0/8        EV: 10    Int: 18    God:
Gold:   142        SH:  0    Dex: 12    Spells: 5/9 levels left

rFire   . . .      SeeInvis .     - Unarmed
rCold   . . .      Faith    .   (no shield)
rNeg    . . .      Spirit   +   (helmet restricted)
rPois   .          Reflect  .   g - amulet of guardian spirit
rElec   .          Harm     .   (no ring)
rCorr   .          Rampage  .   (no ring)
Will    .....                   (no ring)
Stlth   ++........              (no ring)
HPRegen 0.11/turn               (no ring)
MPRegen 0.11/turn               (no ring)
                                (no ring)
                                (no ring)

@: constricted
A: almost no armour, amphibious, 8 rings, camouflage 1, gelatinous body 1,
(nimble swimmer 1), tentacles
a: no special abilities


You were on level 4 of the Dungeon.
You visited 1 branch of the dungeon, and saw 4 of its levels.

You collected 142 gold pieces.

Inventory:

Jewellery
 g - an amulet of guardian spirit (around mantle)
Scrolls
 d - a scroll of enchant armour
 e - a scroll of identify
 f - a scroll of immolation {unknown}
Potions
 a - a potion of lignification
 b - 2 potions of berserk rage
 c - a potion of brilliance {unknown}


   Skills:
 * Level 1.9 Fighting
 * Level 2.8 Dodging
 + Level 4.2 Unarmed Combat
 * Level 2.5 Spellcasting
 * Level 2.8 Transmutations
 * Level 0.4 Poison Magic


You had 5 spell levels left.
You knew the following spells:

 Your Spells              Type           Power      Damage    Failure   Level
a - Beastly Appendage     Tmut           24%        N/A       5%          1
b - Spider Form           Tmut/Pois      8%         N/A       26%         3

Your spell library contained the following spells:

 Spells                   Type           Power      Damage    Failure   Level
 Sting                    Tmut/Pois      32%        1d4       9%          1
 Wereblood                Tmut           12%        N/A       9%          2
 Passwall                 Tmut/Erth      5%         N/A       14%         2
 Ice Form                 Ice/Tmut       7%         N/A       67%         4
 Storm Form               Tmut/Air       3%         N/A       100%        7


Dungeon Overview and Level Annotations

Branches:
Dungeon (4/15)
 Temple: D:4-7

Altars:


Innate Abilities, Weirdness & Mutations

You cannot wear most types of armour.
You are amphibious.
You can wear up to eight rings at the same time.
Your skin changes colour to match your surroundings (Stealth+).
Your rubbery body absorbs attacks. (AC +1, EV +1)
((You are camouflaged near water. (Stealth+)))
You have tentacles for arms and can constrict up to eight enemies at once.


Message History

Confirm with . or Enter, or press ? or * to list all spells.
The spell is quite dangerous to miscast (26% risk of failure)!
Continue anyway?
You turn into a venomous arachnid creature.
Unknown command.
A gnoll comes into view. It is wielding a +0 spear.
The gnoll shouts! x2; You hear an angry hiss.
You hear a shout! x2
A ball python comes into view.
The gnoll moves out of view.
A gnoll comes into view. It is wielding a +0 club.
The ball python misses you. x2
The gnoll hits you with a +1 flail of holy wrath!
You hit the gnoll.
The gnoll is poisoned.
The gnoll is heavily wounded.
The ball python completely misses you. The ball python barely misses you.
A gnoll comes into view. It is wielding a +0 spear.
The gnoll hits you from afar with a +0 spear.
The gnoll hits you with a +1 flail of holy wrath!
Unknown command.
You hit the gnoll.
The gnoll looks as sick as possible!
The gnoll is heavily wounded.
The ball python bites you. The ball python misses you. The gnoll misses you.
Unknown command.
The gnoll completely misses you.
Your transformation is almost over.
You kill the gnoll!
There is a stone staircase leading down here.
The gnoll hits you with a +0 club.
You hit the gnoll but do no damage.
The gnoll is poisoned.
Your transformation has ended.
The ball python closely misses you. The ball python completely misses you.
The ball python barely misses you. x2; The gnoll hits you with a +0 club!
* * * LOW HITPOINT WARNING * * *
The gnoll completely misses you. The ball python misses you. x2
Unknown command.
Unknown command.
The gnoll hits you with a +0 club.
* * * LOW HITPOINT WARNING * * *
The ball python bites you but does no damage.
The ball python grabs you. The ball python constricts you.
You die...

#.....##.#### ##.#
#....g.)..# #..#
.......####.## #.##
#.#####
#..#####)#######
##.......#.....##
##g............##
#...............#
#.S.............#
#@g.............#
#...............#
##.).............#
##...........)...##
....##.....#.....##
.## ####.####
####..#######
...#####... #..##
.......#.# ###.##
####.....#### #...#


You could see 2 gnolls and a ball python.

Vanquished Creatures
  A hound (D:4)
  Jessica (D:2)
  A gnoll (D:4)
  An adder (D:2)
  2 worms
  A dart slug (D:1)
  7 orcs
  5 ball pythons
  4 bats
  4 endoplasms
  A giant cockroach (D:1)
  4 goblins
  8 hobgoblins
  2 jackals (D:2)
  3 kobolds (D:1)
  3 quokkas
  5 frilled lizards
  4 rats
57 creatures vanquished.

Notes
Turn   | Place    | Note
-------+----------+-------------------------------------------
     0 | D:1      | ytrimaz the Octopode Transmuter began the quest for the
                  | Orb.
     0 | D:1      | Reached XP level 1. HP: 13/13 MP: 3/3
   434 | D:1      | Reached XP level 2. HP: 7/18 MP: 5/5
  1386 | D:1      | Reached XP level 3. HP: 22/23 MP: 6/6
  2100 | D:2      | Got the Collected Works on Moulding
  2383 | D:2      | Noticed Jessica
  2389 | D:2      | Killed Jessica
  2390 | D:2      | Reached XP level 4. HP: 28/28 MP: 7/7
  2810 | D:3      | Reached skill level 4 in Unarmed Combat
  3158 | D:2      | Learned a level 3 spell: Spider Form
  4056 | D:4      | Reached XP level 5. HP: 20/34 MP: 8/8
  4349 | D:4      | HP: 1/34 [gnoll (5)]
  4349 | D:4      | Constricted to death by a ball python

Illustrated notes

Levels and vault maps discovered:
D:1:      lemuel_arrival_room, layout_loops_corners, hex_medium
D:2:      layout_basic, uniq_jessica
D:3:      layout_loops_ring, hex_large
D:4:      layout_rooms, minmay_statues_item

Skill      XL: |  1  2  3  4 |
---------------+-------------+-----
Unarmed Combat | 4 |  4.2
Fighting       | |  1.9
Dodging        | |  2.8
Spellcasting   | |  2.5
Transmutations | |  2.8
Poison Magic   | |  0.4

Action                   |  1- 3 |  4- 6 || total
-------------------------+-------+-------++-------
Melee: Unarmed           |    82 |    61 ||   143
       Constrict         |    19 |    16 ||    35
       Tentacles         |    16 |     7 ||    23
       Punch             |     1 |     2 ||     3
 Cast: Spider Form       |       |     2 ||     2
  Use: Scroll            |     5 |     4 ||     9
       Potion            |       |     1 ||     1
 Stab: Sleeping          |    12 |     5 ||    17
Armor: Skin              |     5 |     4 ||     9
Dodge: Dodged            |    39 |    48 ||    87

Table legend: (Time is in decaauts)
 A = Elapsed time spent in this place.
 B = Non-inter-level travel time spent in this place.
 C = Inter-level travel time spent in this place.
 D = Time resting spent in this place.
 E = Time spent auto-exploring this place.
 F = Levels seen in this place.
 G = Mean time per level.
                   A        B        C        D        E       F      G
               +--------+--------+--------+--------+--------+-----+--------+
         Total |   4340 |   4277 |     63 |    679 |   3078 |   4 | 1085.0 |
       Dungeon |   4340 |   4277 |     63 |    679 |   3078 |   4 | 1085.0 |
               +--------+--------+--------+--------+--------+-----+--------+

Top non-repeatable levels by time:
     D:1: 1881 daAuts
     D:3: 1091 daAuts
     D:2: 1062 daAuts
     D:4: 305 daAuts
